 Dungeon Crawl Stone Soup version 0.30-a0-125-g51eefa89be (webtiles) character file.

Game seed: 10867249207902521100

18188 Engwar the Nimble (level 12, -5/58 HPs)
             Began as a Felid Summoner on Sept 17, 2022.
             Was an Initiate of Gozag.
             Killed by an exploding themself (26 damage)
             ... ignited by their inner flame
             ... on level 4 of the Lair of Beasts on Sept 18, 2022.
             The game lasted 01:32:17 (23153 turns).

Engwar the Nimble (Felid Summoner)                 Turns: 23153, Time: 01:32:18

Health: -5/58      AC:  3    Str:  4    XL:     12   Next: 25%
Magic:  18/27      EV: 30    Int: 21    God:    Gozag
Gold:   378        SH:  5    Dex: 23    Spells: 4/31 levels left
                                        Lives:  0   Deaths: 3

rFire   . . .      SeeInvis +    (weapon unavailable)
rCold   + . .      Faith    .    (shield unavailable)
rNeg    + . .      Spirit   .    (body armour unavailable)
rPois   .          Reflect  +    (helmet unavailable)
rElec   .          Harm     .    (cloak unavailable)
rCorr   .          Rampage  .    (gloves unavailable)
Will    +....                    (boots unavailable)
Stlth   +++.......               r - amulet of reflection
HPRegen 0.19/turn                o - ring of positive energy
MPRegen 0.20/turn                t - +6 ring of dexterity

@: forested, gold aura, studying Fire Magic, quick
A: very small, claws 1, fangs 3, see invisible, speed 1, shaggy fur 3, stealthy
paws, no weapons or thrown items, no armour, multi-lived, MP-powered wands
a: Renounce Religion, Potion Petition, Call Merchant, Bribe Branch


You were on level 4 of the Lair of Beasts.
You worshipped Gozag.
Gozag was aware of your devotion.
You visited 3 branches of the dungeon, and saw 15 of its levels.
You also visited: Ossuary.

You collected 2865 gold pieces.
You spent 532 gold pieces at shops.
You paid 1955 gold pieces to Gozag.

Inventory:

Jewellery
 c - a ring of fire
 g - an amulet of magic regeneration
 o - a ring of positive energy (left paw)
 r - an amulet of reflection (around neck)
 t - a +6 ring of dexterity (right paw)
Wands
 f - a wand of mindburst (3)
 k - a wand of quicksilver (6)
 q - a wand of charming (9)
 s - a wand of digging (10)
 u - a wand of flame (21)
Scrolls
 e - a scroll of fear
 h - a scroll of teleportation
 j - 2 scrolls of butterflies
 v - a scroll of amnesia
Potions
 a - 5 potions of magic
 b - 5 potions of haste
 d - 2 potions of brilliance
 i - 2 potions of mutation
 l - a potion of attraction
 m - 3 potions of flight
 n - a potion of degeneration {unknown}
 p - a potion of berserk rage {unknown}


   Skills:
 + Level 10.0 Fighting
 + Level 13.3 Dodging
 - Level 2.6 Stealth
 + Level 10.1 Spellcasting
 - Level 5.0 Hexes
 + Level 10.3 Summonings
 + Level 5.5 Translocations
 - Level 7.0 Air Magic


You had 4 spell levels left.
You knew the following spells:

 Your Spells              Type           Power      Damage    Failure   Level
a - Summon Small Mammal   Summ           100%       N/A       1%          1
b - Blink                 Tloc           68%        N/A       1%          2
c - Call Canine Familiar  Summ           52%        N/A       1%          3
d - Summon Guardian Gole  Hex/Summ       42%        N/A       1%          3
e - Summon Lightning Spi  Summ/Air       47%        N/A       1%          4
f - Swiftness             Air            40%        N/A       1%          3
g - Summon Forest         Summ/Tloc      22%        N/A       7%          5
h - Summon Cactus Giant   Summ           26%        N/A       14%         6

Your spell library contained the following spells:

 Spells                   Type           Power      Damage    Failure   Level
 Shock                    Conj/Air       100%       1d9       1%          1
 Slow                     Hex            100%       N/A       1%          1
 Call Imp                 Summ           52%        N/A       1%          2
 Lesser Beckoning         Tloc           34%        N/A       1%          3
 Confusing Touch          Hex            31%        N/A       2%          3
 Airstrike                Air            20%        2d(3-19)  3%          4
 Manifold Assault         Tloc           34%        N/A       6%          4
 Inner Flame              Hex/Fire       21%        N/A       7%          3
 Cause Fear               Hex            15%        N/A       9%          4
 Vampiric Draining        Necr           10%        2d6       19%         3
 Summon Mana Viper        Hex/Summ       42%        N/A       8%          5
 Discord                  Hex            15%        N/A       100%        8


Dungeon Overview and Level Annotations

Branches:
Dungeon (10/15)            Temple (1/1) D:4            Lair (4/5) D:9
 Shoals (0/4) Lair:2        Snake (0/4) Lair:3          Orc (0/2) D:9
Ossuary (visited)
  Slime: Lair:4-5

Altars:
Ashenzari
Cheibriados
Dithmenos
Elyvilon
Fedhas
Gozag
Hepliaklqana
Kikubaaqudgha
Makhleb
Nemelex Xobeh
Okawaru
Qazlal
Ru
Sif Muna
Trog
Uskayaw
Vehumet
Wu Jian
Xom
Yredelemnul
Zin
The Shining One

Shops:
D:6 [   D:8 [*?*   Lair:1 ::   Lair:3 :

Annotations:
D:6 Dowan, Duvessa
Lair:2 exclusion: oklob plant


Innate Abilities, Weirdness & Mutations

You have sharp claws.
You have razor-sharp teeth.
You have supernaturally acute eyesight. (SInv)
You cover ground quickly. (Speed+)
Your thick and shaggy fur keeps you warm. (AC +3, rC+)
Your paws help you pounce on unaware monsters.
You are incapable of wielding weapons or throwing items.
You cannot wear armour.
You gain extra lives every three experience levels.
You expend magic power (3 MP) to strengthen your wands.


Message History

The vine drags the komodo dragon backwards!
Your snaplasher vine grabs the komodo dragon.
Your snaplasher vine hits the komodo dragon!
Your snaplasher vine constricts the komodo dragon.
The komodo dragon bites your snaplasher vine!!
Your lightning spire shoots out a bolt of lightning at the blink frog!
The bolt of electricity hits the blink frog!
The bolt of electricity hits the komodo dragon!
Your guardian golem overheats!
The blink frog completely misses you.
Your snaplasher vine completely misses the blink frog.
Your snaplasher vine hits the blink frog!
Your snaplasher vine loses its grip on the komodo dragon.
The vine drags the komodo dragon backwards!
Your snaplasher vine grabs the komodo dragon.
Your snaplasher vine hits the komodo dragon but does no damage.
Your snaplasher vine constricts the komodo dragon.
Your dryad calls out to the forest.
Vines fly forth from the trees!
The blink frog closely misses you.
The komodo dragon bites your snaplasher vine!!
Your snaplasher vine is destroyed!
Flame seeps out of your guardian golem.
The komodo dragon hisses angrily.
Your snaplasher vine grabs the blink frog.
Your snaplasher vine hits the blink frog!
Your snaplasher vine constricts the blink frog.
The blink frog hits your snaplasher vine!!
The blink frog struggles to blink free from constriction.
Your guardian golem disappears in a puff of smoke!
Your guardian golem explodes!
The fiery explosion engulfs the komodo dragon!!
The komodo dragon dies!
The fiery explosion engulfs your wolf!!
Your wolf dies!
Your wolf's corpse disappears in a puff of smoke!
The fiery explosion engulfs your dryad!!!
Your dryad is burned terribly!
The fiery explosion engulfs you!!
You die...
Your body crumbles into a pile of gold.

.............<.......─♣.
.. #.#...#.# #..♣w./.. .##
#...#.# .~~~│~. ..
..####.....# ♣#>≈≈│# ...
(.#.##...#.####..≈/~##....
...........#..##.│.~~.....
..#............R§w........
##............§○§F..8.....
..............§.@P....F.##
.....#.#.....#...###.....#
...#..#.#...#....# .....#
............#♣..... .....♣
.............♣..... .....
.................... .....
#.####....##.#...###P
#####...########P#
###......##


You could see 2 blink frogs, a friendly dryad (summoned, sheltered), 2 friendly
snaplasher vines and a friendly lightning spire (summoned, sheltered).

Vanquished Creatures
  A water moccasin (Lair:1)
  A necrophage (D:4)
  A bullfrog (D:6)
  A hound (D:7)
  An orc wizard (D:6)
  A mummy (D:5)
  A gnoll (D:6)
  A worm (D:2)
  3 orcs
  8 ball pythons
  A bat (D:3)
  2 goblins (D:3)
  A hobgoblin (D:4)
  A frilled lizard (D:2)
  A kobold (D:9)
  3 rats
28 creatures vanquished.

Vanquished Creatures (collateral kills)
  A catoblepas (Lair:1)
  2 hydras
  A boulder beetle (Lair:1)
  A lindwurm (Lair:4)
  4 black mambas
  4 cane toads
  Maggie (D:7)
  4 komodo dragons
  A polar bear (Lair:3)
  6 blink frogs
  Sigmund (D:2)
  A shadow (D:9)
  17 yaks
  4 wyverns
  2 steam dragons (D:9)
  Edmund (D:4)
  10 water moccasins
  2 orc warriors (D:9)
  2 black bears (Lair:3)
  3 sky beasts
  9 wolves
  The ghost of Yosebu the Pure, an amateur DsAK of Lugonu (D:4)
  An ogre (D:6)
  2 centaurs (D:9)
  4 kobold brigands
  A nameless horror (Lair:1)
  10 bullfrogs
  A necrophage (D:7)
  A gnoll sergeant (D:8)
  3 scorpions
  A wight (D:9)
  2 howler monkeys
  5 hounds
  6 orc priests
  A jelly (D:3)
  2 iguanas
  Natasha (twice) (D:2)
  7 orc wizards
  2 hell rats (Lair:1)
  5 gnolls
  11 adders
  10 river rats (Lair:1)
  2 shadow imps
  A white imp (D:7)
  3 worms
  4 dart slugs
  31 orcs
  2 bats (D:2)
  7 endoplasms
  2 giant cockroaches
  2 goblins (D:1)
  5 hobgoblins
  2 jackals (D:2)
  22 kobolds
  2 quokkas
  3 ball pythons
  3 frilled lizards
  2 hobgoblin zombies (Ossuary)
  A kobold zombie (Ossuary)
  3 orc zombies (Ossuary)
  4 rats
256 creatures vanquished.

Vanquished Creatures (others)
  A catoblepas (Lair:4)
  A hydra (Lair:3)
  2 two-headed ogres
  2 ugly things
  2 cane toads
  3 komodo dragons
  A polar bear (Lair:2)
  Prince Ribbit (Lair:3)
  3 blink frogs (Lair:3)
  6 yaks
  A steam dragon (D:7)
  Menkaure (D:4)
  5 water moccasins
  2 orc warriors
  A black bear (D:6)
  2 ice beasts
  A sky beast (D:7)
  2 ogres (D:5)
  Blork the orc (D:4)
  A bullfrog (Lair:1)
  A gnoll sergeant (D:6)
  3 scorpions
  13 wights
  Crazy Yiuf (D:6)
  3 iguanas
  An orc wizard (D:9)
  5 mummies (Ossuary)
  5 gnolls
  3 kobolds
  2 kobold zombies (Ossuary)
  17 fungi
  33 plants
  A snaplasher vine (Lair:4)
127 creatures vanquished.

Grand Total: 411 creatures vanquished

Notes
Turn   | Place    | Note
-------+----------+-------------------------------------------
     0 | D:1      | Engwar the Felid Summoner began the quest for the Orb.
     0 | D:1      | Reached XP level 1. HP: 7/7 MP: 4/4
   176 | D:1      | Reached XP level 2. HP: 3/11 MP: 0/6
   179 | D:1      | Learned a level 2 spell: Call Imp
   637 | D:1      | Found a faded altar of an unknown god.
  1399 | D:2      | Noticed Sigmund
  1443 | D:2      | Reached XP level 3. HP: 14/14 MP: 4/8
  1447 | D:2      | Learned a level 3 spell: Call Canine Familiar
  2297 | D:2      | Found an iron altar of Okawaru.
  2327 | D:2      | Killed Sigmund
  2328 | D:2      | Reached skill level 5 in Summonings
  2328 | D:2      | Reached XP level 4. HP: 18/18 MP: 4/11
  2328 | D:2      | Reached XP level 5. HP: 21/21 MP: 4/12
  2332 | D:2      | Learned a level 3 spell: Summon Guardian Golem
  2407 | D:2      | Noticed Natasha
  2414 | D:2      | Killed Natasha
  2599 | D:2      | Noticed Natasha
  2611 | D:2      | Killed Natasha
  2612 | D:2      | Reached skill level 3 in Dodging
  2612 | D:2      | Gained mutation: You are covered in thick fur. (AC +2)
                  | [Felid growth]
  2612 | D:2      | Reached XP level 6. HP: 25/25 MP: 8/13
  2813 | D:2      | Reached skill level 1 in Hexes
  3305 | D:3      | Reached skill level 1 in Fighting
  4489 | D:4      | Noticed Menkaure
  4623 | D:4      | Noticed Edmund
  4656 | D:4      | Found a runed translucent door.
  4656 | D:4      | Noticed Yosebu's ghost (amateur DsAK)
  4700 | D:4      | Killed Yosebu's ghost
  4701 | D:4      | Reached skill level 4 in Dodging
  4701 | D:4      | Reached XP level 7. HP: 29/29 MP: 5/14
  4706 | D:4      | Learned a level 4 spell: Summon Lightning Spire
  4997 | D:4      | Killed Edmund
  5296 | D:4      | Killed Menkaure
  5764 | D:4      | Found a staircase to the Ecumenical Temple.
  5764 | D:4      | Noticed Blork the orc
  5786 | D:4      | Killed Blork the orc
  5798 | Temple   | Entered the Ecumenical Temple
  5856 | Temple   | Became a worshipper of Gozag Ym Sagoz the Greedy
  5957 | D:5      | Entered Level 5 of the Dungeon
  6074 | D:5      | Reached skill level 5 in Spellcasting
  6080 | D:5      | Reached skill level 5 in Dodging
  6080 | D:5      | Reached XP level 8. HP: 34/34 MP: 11/16
  6144 | D:5      | Found a sand-covered staircase.
  6189 | Ossuary  | Entered an ossuary
  7054 | D:5      | Reached skill level 5 in Hexes
  7476 | D:5      | Found a stormy altar of Qazlal.
  7759 | D:6      | Reached skill level 6 in Dodging
  7759 | D:6      | Reached skill level 1 in Air Magic
  7831 | D:6      | Found a large runed translucent door.
  8053 | D:6      | Found a large runed translucent door.
  8345 | D:6      | Found Dioda's Armour Shoppe.
  8633 | D:6      | Noticed Duvessa
  8633 | D:6      | Noticed Dowan
  9656 | D:6      | Found a runed translucent door.
  9657 | D:6      | Noticed Crazy Yiuf
  9670 | D:6      | Killed Crazy Yiuf
  9671 | D:6      | Reached XP level 9. HP: 39/39 MP: 15/18
 10341 | D:6      | Found a hide-covered altar of Uskayaw.
 10344 | D:6      | Found an iron altar of Okawaru.
 10388 | D:7      | Reached skill level 7 in Dodging
 10641 | D:7      | Identified the +0 robe of the Loofah {Rampage +Blink Dex+4}
 10867 | D:7      | Noticed a cyan ugly thing
 11186 | D:7      | Noticed a red ugly thing
 11296 | D:6      | HP: 1/40 [cyan ugly thing (7)]
 11296 | D:6      | Mangled by a cyan ugly thing
 11297 | D:6      | Reached XP level 8. HP: -12/36 MP: 18/18
 11379 | D:6      | Killed a cyan ugly thing
 11380 | D:6      | Reached skill level 5 in Fighting
 11800 | D:6      | Reached XP level 9. HP: 40/40 MP: 12/19
 11975 | D:7      | Reached skill level 8 in Dodging
 12166 | D:7      | Noticed Maggie
 12279 | D:7      | Killed a red ugly thing
 12619 | D:7      | Identified the +0 helmet of Poifett {rElec rN+++ Slay-3}
 12744 | D:7      | Killed Maggie
 12958 | D:7      | Learned a level 3 spell: Swiftness
 13011 | D:8      | Found Xiseaf's Antique Armour Shoppe.
 13049 | D:8      | Found a shimmering altar of Xom.
 13049 | D:8      | Found an ornate altar of the Wu Jian Council.
 13066 | D:8      | Found Efoaptups's Magic Scroll Emporium.
 13108 | D:8      | Found a snail-covered altar of Cheibriados.
 13122 | D:8      | Noticed a two-headed ogre
 13200 | D:8      | Killed a two-headed ogre
 13201 | D:8      | Reached skill level 9 in Dodging
 13201 | D:8      | Reached XP level 10. HP: 32/46 MP: 6/21
 13524 | D:8      | Found Cudo's Assorted Antiques.
 13724 | D:8      | Found Vaocoklei's General Store.
 14495 | D:9      | Found a staircase to the Lair.
 14933 | D:9      | Reached skill level 5 in Air Magic
 15154 | D:9      | HP: 2/45 [wight/+0 halberd (1)]
 15532 | D:9      | Noticed a two-headed ogre
 15557 | D:9      | Killed from afar by a steam dragon
 15558 | D:9      | Reached XP level 9. HP: -7/42 MP: 21/21
 15687 | D:9      | Killed a two-headed ogre
 15974 | D:9      | HP: 2/42 [kobold brigand/+1 dagger of freezing (2)]
 15978 | D:10     | Entered Level 10 of the Dungeon
 16660 | D:9      | Found a staircase to the Orcish Mines.
 16689 | D:9      | Reached XP level 10. HP: 19/47 MP: 12/22
 17232 | D:9      | Found a shimmering blue altar of Sif Muna.
 17232 | D:9      | Found a sparkling altar of Nemelex Xobeh.
 17232 | D:9      | Found a glowing golden altar of the Shining One.
 17270 | Lair:1   | Entered Level 1 of the Lair of Beasts
 17274 | Lair:1   | Noticed a cane toad
 17305 | Lair:1   | Killed a cane toad
 17308 | Lair:1   | Reached skill level 10 in Dodging
 17737 | Lair:1   | Noticed a catoblepas
 17842 | Lair:1   | Slain by a wolf
 17843 | Lair:1   | Reached XP level 9. HP: 0/43 MP: 6/22
 17870 | Lair:2   | Noticed a polar bear
 17897 | Lair:2   | Noticed a komodo dragon
 17911 | Lair:2   | Noticed a cane toad
 17911 | Lair:2   | Noticed a five-headed hydra
 18197 | Lair:1   | Gained mutation: You expend magic power (3 MP) to
                  | strengthen your wands. [potion of mutation]
 18206 | Lair:1   | Reached XP level 10. HP: 11/48 MP: 5/23
 18487 | Lair:1   | Upgraded the game from 0.30-a0-122-g2a1322497e to
                  | 0.30-a0-125-g51eefa89be
 18559 | Lair:1   | Noticed a boulder beetle
 18582 | Lair:1   | Killed a boulder beetle
 18748 | Lair:1   | Noticed a cane toad
 18757 | Lair:1   | Killed a cane toad
 18845 | Lair:1   | Killed a catoblepas
 18846 | Lair:1   | Reached skill level 11 in Dodging
 18846 | Lair:1   | Reached skill level 10 in Summonings
 19678 | Lair:2   | Noticed a black mamba
 19682 | Lair:2   | Killed a black mamba
 19689 | Lair:2   | Learned a level 2 spell: Blink
 19737 | Lair:2   | Noticed a cane toad
 19747 | Lair:2   | Killed a cane toad
 20146 | Lair:2   | Identified the +5 scale mail of Time Monsters {+Blink}
 20161 | Lair:2   | Killed a five-headed hydra
 20162 | Lair:2   | Reached XP level 11. HP: 52/52 MP: 15/24
 20248 | Lair:2   | Found a staircase to the Shoals.
 20511 | Lair:2   | Noticed an oklob plant
 21747 | Lair:3   | Reached skill level 12 in Dodging
 21899 | Lair:3   | Noticed a six-headed hydra
 21910 | Lair:3   | Killed a six-headed hydra
 21911 | Lair:3   | Reached skill level 1 in Translocations
 22053 | Lair:3   | Noticed a five-headed hydra
 22059 | Lair:3   | Killed a five-headed hydra
 22193 | Lair:3   | Found a staircase to the Snake Pit.
 22291 | Lair:3   | Noticed Prince Ribbit
 22321 | Lair:3   | Killed Prince Ribbit
 22524 | Lair:3   | Bought a book of the Wilderness for 532 gold pieces
 22530 | Lair:3   | Learned a level 5 spell: Summon Forest
 22537 | Lair:3   | Learned a level 6 spell: Summon Cactus Giant
 22902 | Lair:4   | Noticed a lindwurm
 22903 | Lair:4   | Reached skill level 13 in Dodging
 22903 | Lair:4   | Gained mutation: Your thick and shaggy fur keeps you warm.
                  | (AC +3, rC+) [Felid growth]
 22903 | Lair:4   | Reached XP level 12. HP: 58/58 MP: 18/26
 22912 | Lair:4   | Reached skill level 10 in Spellcasting
 22917 | Lair:4   | Reached skill level 5 in Translocations
 22921 | Lair:4   | Noticed a catoblepas
 22976 | Lair:4   | Killed a catoblepas
 22977 | Lair:4   | Reached skill level 10 in Fighting
 23153 | Lair:4   | Killed by an exploding themself... ignited by their inner
                  | flame

Illustrated notes

Levels and vault maps discovered:
D:1:      dpeg_arrival_round_a, layout_rooms,
          shapermc_ecumenical_altar_flowoftime
D:2:      layout_basic, basic_altar, corexii_leaking_fountain, uniq_natasha,
          uniq_sigmund
D:3:      layout_basic, nicolae_concentric_dashed_squares_wild, minivault_23
D:4:      layout_cave_pools, minmay_temple_entry_poolview,
          gammafunk_ghost_grave, uniq_edmund, uniq_blork_the_orc, uniq_menkaure
D:5:      layout_basic, grunt_qazlal_clouds, chequers_ossuary_entry_cave
D:6:      layout_loops_corners, jmf_multi_god_temple2, serial_shops, shop,
          uniq_duvessa, uniq_crazy_yiuf_cottage
D:7:      layout_basic, minmay_manual_monolith, uniq_maggie
D:8:      layout_cave_pods, kennysheep_slug_shrine,
          mainiacjoe_overflow_divided_tiny, serial_shops, nicolae_shop_trees,
          shop_statue, nicolae_shop_crystal, shop
D:9:      layout_cave_pods, gammafunk_temple_overflow_claw, lair_entry_dummy,
          orc_0_dummy, grunt_ministairs_15, minmay_fractal_squares_diagonal_5
D:10:     layout_basic, uniq_joseph
Temple:   nicolae_temple_god_jail
Lair:1:   layout_concentric_octagons, serial_rivers,
          chequers_serial_rivers_marsh, chequers_serial_rivers_micro_a,
          chequers_serial_rivers_large_b, chequers_serial_rivers_small_a,
          kennysheep_rathole
Lair:2:   layout_cave_pods, elwin_shoals_entry_rocks, lemuel_fruit_tree
Lair:3:   layout_loops_ring, minmay_snake_entry_six_corridors,
          beast_lair_carwin_11, uniq_prince_ribbit2
Lair:4:   layout_small_grid, eino_small_chamber_without_monster,
          hangedman_tree_tricks, grunt_megastairs_1

Skill      XL: |  1  2  3  4  5  6  7  8  9 10 11 12 |
---------------+-------------------------------------+-----
Spellcasting   | 4 5 7 8 9 10 | 10.1
Summonings     | 5 6 8 10 | 10.3
Dodging        | 3 4 5 6 9 11 13 | 13.3
Hexes          | 2 4 5 |  5.0
Fighting       | 1 2 5 7 8 9 10 | 10.0
Air Magic      | 2 4 7 |  7.0
Translocations | 4 5 |  5.5
Stealth        | |  2.6

Action                   |  1- 3 |  4- 6 |  7- 9 | 10-12 || total
-------------------------+-------+-------+-------+-------++-------
Melee: Unarmed           |    20 |    34 |    66 |    47 ||   167
       Bite              |       |     5 |     6 |    10 ||    21
       Punch             |       |     1 |       |       ||     1
 Cast: Summon Small Mamm |    32 |     3 |     8 |     8 ||    51
       Call Imp          |    14 |     4 |     8 |     3 ||    29
       Call Canine Famil |     5 |    28 |    79 |    50 ||   162
       Summon Guardian G |       |       |    75 |    49 ||   124
       Summon Lightning  |       |       |     7 |    48 ||    55
       Summon Forest     |       |       |       |     2 ||     2
Invok: Call Merchant     |       |       |       |     3 ||     3
  Use: Scroll            |       |    10 |    14 |     3 ||    27
       Potion            |       |       |     8 |     2 ||    10
 Stab: Sleeping          |     1 |     4 |       |       ||     5
       Distracted        |       |       |     1 |     2 ||     3
Armor: Skin              |     5 |     5 |     8 |     1 ||    19
Dodge: Dodged            |    47 |    31 |   280 |   230 ||   588
Block: Other             |       |       |       |     4 ||     4

Table legend: (Time is in decaauts)
 A = Elapsed time spent in this place.
 B = Non-inter-level travel time spent in this place.
 C = Inter-level travel time spent in this place.
 D = Time resting spent in this place.
 E = Time spent auto-exploring this place.
 F = Levels seen in this place.
 G = Mean time per level.
                   A        B        C        D        E       F      G
               +--------+--------+--------+--------+--------+-----+--------+
         Total |  20920 |  20373 |    547 |   5805 |   8964 |  16 | 1307.5 |
       Dungeon |  15668 |  15185 |    483 |   4435 |   6515 |  10 | 1566.8 |
        Temple |     55 |     48 |      7 |      0 |      0 |   1 |   55.0 |
          Lair |   5110 |   5053 |     57 |   1369 |   2449 |   4 | 1277.5 |
       Ossuary |     86 |     86 |      0 |      0 |      0 |   1 |   86.0 |
               +--------+--------+--------+--------+--------+-----+--------+

Top non-repeatable levels by time:
     D:6: 3213 daAuts
     D:9: 2572 daAuts
  Lair:1: 1866 daAuts
  Lair:2: 1700 daAuts
     D:2: 1697 daAuts
     D:5: 1640 daAuts
     D:8: 1413 daAuts
     D:4: 1372 daAuts
     D:7: 1361 daAuts
     D:3: 1326 daAuts
  Lair:3: 1274 daAuts
     D:1: 930 daAuts
  Lair:4: 267 daAuts
    D:10: 140 daAuts
 Ossuary: 86 daAuts
